 Dungeon Crawl Stone Soup version 0.21.0 (webtiles) character file.

222 straycat the Sneak (level 5, -5/42 HPs)
             Began as a Vampire Wanderer on Jan 7, 2018.
             Slain by an iguana (8 damage)
             ... on level 4 of the Dungeon.
             The game lasted 00:11:18 (2575 turns).

straycat the Sneak (Vampire Wanderer)               Turns: 2575, Time: 00:11:19

Health: -5/42      AC:  3    Str: 13    XL:     5   Next: 66%
Magic:  5/5        EV: 14    Int: 12    God:
Gold:   110        SH:  0    Dex: 15    Spells: 4/4 levels left

rFire    . . .     SeeInvis +   a - +2 falchion
rCold    . . .     Gourm    .   (no shield)
rNeg     + . .     Faith    .   l - +0 animal skin
rPois    .         Spirit   .   m - +0 helmet
rElec    .         Reflect  .   (no cloak)
rCorr    .         Harm     .   (no gloves)
MR       .....                  (no boots)
Stlth    +++.......             (no amulet)
HPRegen  0.14/turn              (no ring)
MPRegen  0.09/turn              (no ring)

@: no status effects
A: fangs 3, see invisible, unbreathing
a: Bat Form


You were on level 4 of the Dungeon.
You were not thirsty.

You visited 1 branch of the dungeon, and saw 4 of its levels.

You collected 110 gold pieces.

Inventory:

Hand Weapons
 a - a +2 falchion (weapon)
 b - a +0 quarterstaff
 d - a +0 hunting sling
 e - a +0 dagger
 g - a +1 whip of freezing
 q - a +0 war axe
 t - a +1 war axe of flaming
Missiles
 u - 35 arrows
 x - 2 javelins (quivered)
Armour
 l - a +0 animal skin (worn)
 m - a +0 helmet (worn)
 y - a +0 ring mail
Wands
 c - a wand of random effects (12)
Scrolls
 h - 3 scrolls of fog {unknown}
 j - a scroll of magic mapping {unknown}
 k - a scroll of teleportation {unknown}
 n - 2 scrolls of remove curse {unknown}
 o - 2 scrolls of noise {unknown}
 s - 2 scrolls of blinking {unknown}
 A - a scroll of immolation {unknown}
Potions
 f - 24 potions of blood
 i - 4 potions of curing {unknown}
 p - a potion of heal wounds {unknown}
 r - a potion of agility {unknown}
 v - a potion of magic {unknown}
 w - a potion of mutation {unknown}
 z - 2 potions of lignification {unknown}
 B - a potion of haste {unknown}


   Skills:
 * Level 3.7 Fighting
 - Level 1.0 Long Blades
   Level 1.7 Polearms
 + Level 3.7 Dodging
 + Level 6.2 Stealth
 - Level 1.0 Evocations


You had 4 spell levels left.
You didn't know any spells.

Dungeon Overview and Level Annotations

Branches:
Dungeon (4/15)
 Temple: D:4-7

Altars:
Ashenzari
Cheibriados
Elyvilon
Vehumet


Innate Abilities, Weirdness & Mutations

You have razor-sharp teeth.
You have supernaturally acute eyesight. (SInv)
You can survive without breathing.


Message History

You hit the iguana but do no damage.
The iguana is heavily wounded.
An orc and an orc priest come into view.
The orc shouts!
An orc wizard comes into view. It is wielding a dagger.
The orc priest shouts!
The orc priest drinks a potion.
The orc priest suddenly seems more resistant.
The orc priest mumbles some strange prayers to Beogh against you.
Beogh smites you! The iguana bites you.
Yummy - fresh blood!
Yummy - fresh blood!
The iguana bites you!
* * * LOW HITPOINT WARNING * * *
You see here a giant spiked club.
Okay, then.
Okay, then.
There is a stone staircase leading up here.
The iguana bites you!
You die...

#.#.#...o....# ####
#.#.#.%......#
#.#.#.[......#
#.#..........#
#...o#.#.#####
#######.#.#.#
#.o.o.#o#.#.#######
#.###l#o#.#.......#
#.#..@#.#.#######.#
#o#####.#.# #.#
#...oo..#.# #.#
#########.# #.# #.#
#.# #.# #.# #.# #.#
#.#######.#
#.........#


You could see an orc warrior and an iguana.

Vanquished Creatures
  An ogre (D:4)
  A hound (D:4)
  Robin (D:2)
  2 adders (D:2)
  A worm (D:2)
  2 leopard geckos (D:2)
  3 orcs (D:3)
  3 bats (D:2)
  2 giant cockroaches
  14 goblins
  9 hobgoblins
  4 jackals (D:4)
  8 kobolds
  2 quokkas
  A ball python (D:2)
  4 frilled lizards
  A quokka skeleton (D:4)
  8 rats
67 creatures vanquished.

Notes
Turn   | Place    | Note
-------+----------+-------------------------------------------
     0 | D:1      | straycat the Vampire Wanderer began the quest for the Orb.
     0 | D:1      | straycat set off with: a +2 falchion, a +0 quarterstaff, a wand of random effects (15), a +0 robe, a +0 dagger, a potion of blood
     0 | D:1      | Reached XP level 1. HP: 15/15 MP: 1/1
   155 | D:1      | Reached XP level 2. HP: 13/21 MP: 2/2
   627 | D:2      | Noticed Robin
   642 | D:2      | Reached XP level 3. HP: 17/27 MP: 3/3
   654 | D:2      | Reached skill level 5 in Stealth
   897 | D:2      | Killed Robin
  1118 | D:2      | Found a snail-covered altar of Cheibriados.
  1216 | D:2      | Reached XP level 4. HP: 25/34 MP: 4/4
  1267 | D:2      | Found a radiant altar of Vehumet.
  1844 | D:3      | Found a shattered altar of Ashenzari.
  2088 | D:3      | Found a white marble altar of Elyvilon.
  2398 | D:4      | Noticed an ogre
  2414 | D:4      | Killed an ogre
  2414 | D:4      | Reached skill level 6 in Stealth
  2414 | D:4      | Reached XP level 5. HP: 40/41 MP: 5/5
  2536 | D:4      | Noticed an orc warrior
  2558 | D:4      | HP: 1/42 [iguana (13)]
  2575 | D:4      | Slain by an iguana

Skill      XL: |  1  2  3  4 |
---------------+-------------+-----
Fighting       | 2 3 |  3.7
Stealth        | 5 6 |  6.2
Dodging        | 3 |  3.7
Long Blades    | |  1.0
Polearms       | |  1.7
Evocations     | |  1.0

Action                   |  1- 3 |  4- 6 || total
-------------------------+-------+-------++-------
Melee: Falchion          |    78 |    73 ||   151
       Bite              |     8 |     4 ||    12
Throw: Javelin           |       |     1 ||     1
Evoke: Wand              |     3 |       ||     3
  Use: Potion            |     8 |     2 ||    10
 Stab: Sleeping          |     4 |     4 ||     8
Armor: Robe              |     4 |       ||     4
       Animal skin       |     8 |    12 ||    20
Dodge: Dodged            |    70 |    66 ||   136
       Rpst.: Falchion   |    22 |    28 ||    50
